[Event "*** Titled Tuesday 3|2 Blitz"]
[Site "Chess.com"]
[Date "2016.04.05"]
[Round "1"]
[White "Goala"]
[Black "vovkcoach"]
[Result "0-1"]
[WhiteElo "2244"]
[BlackElo "2567"]
[TimeControl "180+2"]
[EndTime "11:07:55 PDT"]
[Termination "vovkcoach won by resignation"]

1. d4 Nf6 2. c4 e6 3. Nf3 b6 4.
g3 Bb7 5. Bg2 Be7 6. O-O O-O 7.
Re1 Na6 8. Bg5 c5 9. d5 exd5 10.
Nh4 h6 11. Bc1 Ne4 12. cxd5 Bxh4 13. Bxe4 Re8 14. Bg2 Bf6 15. Nc3 d6 16. e4 Nc7 17.
a4 a6 18. Qb3 Rb8 19. Bf4 b5 20. axb5 axb5 21. Ra7 b4 22. Nb1 Bxd5 23. Qd1 Nb5 24. Ra6 Bb7 25. Ra2 Ra8 26. Rxa8 Qxa8 27. Nd2 Bxb2 28. Nc4 Bd4 29. Nxd6 Nxd6 30. Bxd6 Bxe4 31. Bxe4 Rxe4 32. Bf4 Qe8 33. Rxe4 Qxe4 34. Qc1 b3 0-1

[Event "*** Titled Tuesday 3|2 Blitz"]
[Site "Chess.com"]
[Date "2016.04.05"]
[Round "1"]
[White "arna"]
[Black "JustaTrickstar"]
[Result "0-1"]
[WhiteElo "2107"]
[BlackElo "2453"]
[TimeControl "180+2"]
[EndTime "11:08:02 PDT"]
[Termination "JustaTrickstar won by resignation"]

1. e4 c5 2. Nf3 Nc6 3. Bb5 g6 4.
Bxc6 bxc6 5. h3 Bg7 6. d3 d6 7. O-O Nh6 8. Nc3 O-O 9. Be3 f5 10. Qd2 Nf7 11. Rab1 e5 12. exf5 gxf5 13. Bg5 Qa5 14. Nd5 Qxd2 15. Ne7+ Kh8 16. Bxd2 Bd7 17. Nh4 Nd8 18. Nhg6+ hxg6 19. Nxg6+ Kg8 20. Nxf8 Kxf8 21.
f4 e4 22. dxe4 fxe4 23. g4 d5 24. Rfe1 Ne6 25. Kg2 Nd4 26. Bc3 Nf3 27. Bxg7+ Kxg7 28. Rf1 Rf8 29. Rxf3 exf3+ 30. Kxf3 Re8 31. Rd1 Re4 32. c3 a5 33. a3 Bc8 34. Rd2 Kf6 35. h4 Re1 36. h5 Rf1+ 37. Ke3 Bxg4 38. Rh2 Rf3+ 39. Kd2 Rh3 40. Rxh3 Bxh3 41. h6 Kg6 0-1

[Event "*** Titled Tuesday 3|2 Blitz"]
[Site "Chess.com"]
[Date "2016.04.05"]
[Round "1"]
[White "BillieKimbah"]
[Black "AdrianaNikolova"]
[Result "1-0"]
[WhiteElo "2531"]
[BlackElo "2212"]
[TimeControl "180+2"]
[EndTime "11:08:03 PDT"]
[Termination "BillieKimbah won on time"]

1. d4 d5 2. Nf3 Nf6 3. Bf4 c5 4. e3 Qb6 5. Nc3 a6 6. dxc5 Qxc5 7.
Bd3 Bg4 8. h3 Bh5 9. g4 Bg6 10.
Bxg6 hxg6 11. g5 Nh5 12. Qxd5 Qxd5 13. Nxd5 Nxf4 14. exf4 Ra7 15. O-O-O e6 16. Nc3 Bb4 17. Ne4 Ke7 18. Rd3 b5 19. Ne5 Rh4 20. Rd4 Ba5 21.
Nd6 Rc7 22. Ndxf7 Bb6 23. Re4 Rh5 24. Rd1 Bxf2 25. Nd6 Bc5 26. Nxg6+ Kd7 27. Nxb5+ Kc6 28. Nxc7 Kxc7 29. Rxe6 Rxh3 30. a3 Nd7 31. Ne5 Nb6 32.
Rc6+ Kb7 33. Rxc5 Rh4 34. Nc4 Na4 35. Rd7+ Kb8 36. Rf5 1-0

[Event "*** Titled Tuesday 3|2 Blitz"]
[Site "Chess.com"]
[Date "2016.04.05"]
[Round "1"]
[White "Hikaru"]
[Black "Lupul_Cenusiu"]
[Result "1-0"]
[WhiteElo "2876"]
[BlackElo "2373"]
[TimeControl "180+2"]
[EndTime "11:08:32 PDT"]
[Termination "Hikaru won by resignation"]

1. e4 d6 2. d4 g6 3. Nc3 Bg7 4. f4 c6 5. Nf3 b5 6. e5 d5 7. h3 h5 8. Bd3 Nh6 9. Nh4 Nf5 10.
Nxf5 Bxf5 11. Bxf5 gxf5 12. h4 e6 13. a4 b4 14. Ne2 Bf8 15. Be3 Be7 16. g3 Nd7 17. c3 bxc3 18. bxc3 c5 19. a5 c4 20. Qa4 Qc7 21.
Kf2 Kf8 22. Rhb1 Kg7 23. Bc1 Rhb8 24. Ba3 Bf8 25. Bb4 a6 26. Qa3 Rb7 27. Bd6 Bxd6 28.
Rxb7 Qxb7 29. Qxd6 Nf8 30. Qb4 Qxb4 31. cxb4 Ng6 32. Nc3 Ne7 33. b5 axb5 34. Nxb5 Ra6 35. Nc7 Rc6 36. Ne8+ Kg6 37. a6 Nc8 38. a7 Nxa7 39. Rxa7 c3 40. Ra1 Rc4 41. Rc1 Rxd4 42. Rxc3 Rd2+ 43. Kf3 d4 44. Ra3 Rd1 45. Nf6 Rd2 46.
Ra8 Rd3+ 47. Ke2 Rb3 48. Rg8+ Kh6 49. Rh8+ Kg6 50. Rxh5 Rxg3 51. Rg5+ Rxg5 52. hxg5 1-0

[Event "*** Titled Tuesday 3|2 Blitz"]
[Site "Chess.com"]
[Date "2016.04.05"]
[Round "1"]
[White "ajkom197"]
[Black "platy3"]
[Result "0-1"]
[WhiteElo "2165"]
[BlackElo "2508"]
[TimeControl "180+2"]
[EndTime "11:08:40 PDT"]
[Termination "platy3 won by resignation"]

1. c4 g6 2. g3 Bg7 3. Bg2 e5 4. Nc3 Ne7 5. e3 d6 6. Nge2 Nbc6 7. O-O h5 8. d4 h4 9. Rb1 Bf5 10. e4 Bd7 11. dxe5 Nxe5 12. b3 hxg3 13. fxg3 Qc8 14.
Nf4 Bg4 15. Qc2 c6 16. Ba3 Qc7 17. h3 Bd7 18. Rbd1 Nc8 19. Qf2 g5 20. Nfd5 cxd5 21. exd5 Bxh3 22. Nb5 Qd7 23. Rfe1 Bxg2 24. Qxg2 O-O 25.
Re4 f5 26. Re2 f4 27. gxf4 Rxf4 28. Rxe5 Bxe5 29. Qxg5+ Kf8 30. Rf1 Qg7 31. Rxf4+ Bxf4 32. Qxg7+ Kxg7 33. Nc7 Be3+ 34. Kg2 Rb8 35. Kf3 Bb6 36. Ne6+ Kf7 37. Ke4 Ke8 38. b4 Kd7 39. c5 Bc7 40.
b5 dxc5 41. Nxc5+ Ke8 42. Bb2 Nd6+ 43. Kd3 Bb6 44. a4 Bxc5 0-1

[Event "*** Titled Tuesday 3|2 Blitz"]
[Site "Chess.com"]
[Date "2016.04.05"]
[Round "1"]
[White "Fawolizzo"]
[Black "ChessSkool"]
[Result "0-1"]
[WhiteElo "1924"]
[BlackElo "2387"]
[TimeControl "180+2"]
[EndTime "11:08:42 PDT"]
[Termination "ChessSkool won on time"]

1. d4 d5 2. Nf3 Nf6 3. c4 dxc4 4.
Qa4+ c6 5. Qxc4 Bg4 6. Nbd2 Nbd7 7. e3 e6 8. Qb3 Qb6 9. Be2 Be7 10. O-O O-O 11. Qc2 Rac8 12. Nc4 Qc7 13. Nce5 Nxe5 14. Nxe5 Bf5 15. Bd3 Bxd3 16. Nxd3 Rfd8 17. Bd2 Ng4 18. f4 Nf6 19. Rf3 c5 20. Rc1 Qd7 21. Ne5 Qd5 22. b3 Qe4 23. dxc5 Qxc2 24. Rxc2 Rxc5 25.
Rxc5 Bxc5 26. Be1 Ne4 27. Kf1 f6 28. Nc4 b5 29. Na5 Rd1 30. Ke2 Ra1 31. b4 Rxe1+ 32. Kxe1 Bxb4+ 33. Kd1 Bxa5 34. g4 f5 35. gxf5 exf5 36.
Rf1 Bb6 37. Ke2 Nc3+ 38. Kd3 Nxa2 39. Ra1 Nb4+ 40. Kd2 Nd5 41. Rb1 a6 42. Kd3 Bxe3 43. Ra1 Bxf4 44. Rxa6 Nb4+ 0-1

[Event "*** Titled Tuesday 3|2 Blitz"]
[Site "Chess.com"]
[Date "2016.04.05"]
[Round "1"]
[White "cool64chess"]
[Black "jcibarra"]
[Result "0-1"]
[WhiteElo "2201"]
[BlackElo "2525"]
[TimeControl "180+2"]
[EndTime "11:08:44 PDT"]
[Termination "jcibarra won by resignation"]

1. d4 Nf6 2. c4 d6 3. Nc3 e5 4.
Nf3 e4 5. Nd2 Bf5 6. e3 c6 7. Be2 d5 8. b3 h5 9. Bb2 a6 10. f3 Bd6 11. fxe4 dxe4 12. Qc2 Ng4 13. Ndxe4 Nxe3 14. Qd3 Bf4 15. g3 Bh6 16. Bc1 Qxd4 17. Nd6+ Kf8 18. Bxe3 Qxd3 19. Bxd3 Bxd3 20. Bxh6 Rxh6 21.
Nxb7 Re6+ 22. Kd2 Bf5 23. Rae1 Nd7 24. Rxe6 Bxe6 25. Na4 a5 26. Kc3 g6 27. Rd1 Ke7 28. Nbc5 Nxc5 29. Nxc5 Bf5 30. a4 Rb8 31. Nd3 Rd8 32. Nf2 Rxd1 33. Nxd1 c5 34. Ne3 Be6 35. Nd5+ Kd6 36. Ne3 Ke5 37. Kd3 g5 38. Nd1 Bf5+ 39. Ke3 Bc2 40. Nf2 Bxb3 41. Nd3+ Kd6 42. Nb2 Bc2 43. h4 gxh4 44. gxh4 Ke5 45. Kd2 Be4 46.
Ke3 f5 47. Nd1 f4+ 48. Kd2 Kd4 49. Nc3 Bf3 0-1

[Event "*** Titled Tuesday 3|2 Blitz"]
[Site "Chess.com"]
[Date "2016.04.05"]
[Round "1"]
[White "pKiLz5Rn9b"]
[Black "Pomoc"]
[Result "1-0"]
[WhiteElo "2503"]
[BlackElo "2148"]
[TimeControl "180+2"]
[EndTime "11:08:47 PDT"]
[Termination "pKiLz5Rn9b won by checkmate"]

1. e4 c5 2. c3 Nf6 3. e5 Nd5 4. d4 cxd4 5. cxd4 e6 6. Nf3 d6 7. Bc4 Nb6 8. Bb3 dxe5 9. Nxe5 Nc6 10. Nxc6 bxc6 11. O-O Be7 12. Nc3 O-O 13. Bc2 Nd5 14. Re1 g6 15. Bh6 Re8 16. Qf3 Bg5 17. Bxg5 Qxg5 18.
Ne4 Qe7 19. Bb3 Kg7 20. Rac1 Bb7 21. Qg3 Rad8 22. Nc5 Ba8 23. Nd3 Qf6 24. Qe5 Nb6 25.
Qxf6+ Kxf6 26. Re4 Kg7 27. Nc5 a5 28. Kf1 Rd6 29.
Ke2 Red8 30. Ke3 Nd5+ 31. Bxd5 Rxd5 32. Rc4 Rb8 33. b3 Rb4 34. Rxb4 axb4 35. Kd3 Rd8 36. Kc4 Rb8 37. Re1 Bb7 38. Kxb4 Ba6+ 39. Kc3 Bc8 40. a4 Ra8 41. Ra1 Kf6 42. a5 e5 43. dxe5+ Kxe5 44. b4 Kd6 45. Rd1+ Kc7 46. Re1 Kd6 47. Re8 h5 48. Rh8 Ke7 49. f4 Bb7 50. Rxa8 Bxa8 51. Kd4 Kd6 52. Ne4+ Kc7 53. Kc5 Bb7 54. Ng5 f6 55.
Ne6+ Kc8 56. Kb6 c5 57. bxc5 Bxg2 58. c6 g5 59. a6 gxf4 60. a7 Bxc6 61. Kxc6 f3 62.
a8=R# 1-0

[Event "*** Titled Tuesday 3|2 Blitz"]
[Site "Chess.com"]
[Date "2016.04.05"]
[Round "1"]
[White "chito89"]
[Black "petrpalachev"]
[Result "1-0"]
[WhiteElo "2659"]
[BlackElo "2298"]
[TimeControl "180+2"]
[EndTime "11:09:01 PDT"]
[Termination "chito89 won by resignation"]

1. e4 e6 2. Qe2 d5 3. exd5 Qxd5 4. Nc3 Qd8 5. g3 Nf6 6. Bg2 Be7 7. Nf3 O-O 8. O-O c5 9. Ne5 Nd5 10. d3 Nxc3 11.
bxc3 Nd7 12. Nxd7 Qxd7 13. c4 Rb8 14. Bf4 Bd6 15. Bxd6 Qxd6 16. a4 Bd7 17. a5 Bc6 18. Rfb1 Bxg2 19. Kxg2 Qc6+ 20. Qf3 Rfc8 21. Rb5 g6 22.
Rab1 Qxf3+ 23. Kxf3 Rc7 24. Ke4 Kf8 25. h4 h5 26. f3 Ke7 27. g4 f6 28. gxh5 gxh5 29. c3 Kd6 30. Rg1 Rf7 31. Rg6 b6 32. Rh6 Kc6 33.
d4 cxd4 34. cxd4 Rd8 35. axb6 axb6 36. Rhxh5 Rfd7 37. d5+ exd5+ 38. Rbxd5 Re8+ 39. Kd4 Rde7 40. Rhf5 Re6 41. h5 Rg8 42. Rf4 Rg1 43. Re4 Rd1+ 44.
Kc3 Rxe4 45. fxe4 Re1 46. Kd3 Rd1+ 47. Ke3 Rc1 48. Rf5 Rxc4 49. Rxf6+ Kc5 50. Rf5+ Kd6 51. Kf4 Rc1 52. h6 Rh1 53. Kg5 Ke6 54. Kg6 Rg1+ 55. Rg5 Rxg5+ 56. Kxg5 Kf7 57. e5 b5 58. e6+ 1-0

[Event "*** Titled Tuesday 3|2 Blitz"]
[Site "Chess.com"]
[Date "2016.04.05"]
[Round "1"]
[White "Krutoy123"]
[Black "ShimanovAlex"]
[Result "0-1"]
[WhiteElo "2328"]
[BlackElo "2622"]
[TimeControl "180+2"]
[EndTime "11:09:10 PDT"]
[Termination "ShimanovAlex won on time"]

1. e4 Nf6 2. e5 Nd5 3. d4 d6 4.
Nf3 dxe5 5. Nxe5 c6 6. Nf3 Bg4 7. Be2 e6 8. h3 Bh5 9. c4 Nf6 10. O-O Bd6 11. b3 Nbd7 12. Bb2 Qc7 13. Nc3 O-O 14.
Qc2 Rfe8 15. Rad1 Rad8 16. Ng5 Bg6 17. Bd3 Bf4 18. Bxg6 hxg6 19. Nge4 a6 20. a4 Bd6 21.
Nxd6 Qxd6 22. Rd2 Qf4 23. Rfd1 Qf5 24. Qxf5 gxf5 25. f3 f4 26. Ne2 g5 27. h4 Nh5 28.
hxg5 Kh7 29. Kf2 Kg6 30. Rd3 Kxg5 31. Bc1 Kf5 32. Rh1 Ndf6 33. a5 e5 34. Rdd1 e4 35. fxe4+ Nxe4+ 36. Kf3 Ng5+ 37. Kf2 Rxe2+ 38. Kxe2 Ng3+ 39.
Kf2 Nxh1+ 40. Rxh1 Rxd4 41. Ke2 Ne4 42. Rh4 Nc3+ 43.
Kf3 Rd3+ 44. Kf2 Ne4+ 45. Ke2 Rxb3 46. Rxf4+ Ke5 47. Rxf7 Nd6 48. Rf8 Nxc4 49. g4 Rc3 50. Bf4+ Ke4 51. g5 Rc2+ 52. Kd1 Rg2 53. Bc1 Nxa5 54.
Re8+ Kd5 55. Rd8+ Ke6 56. Re8+ Kd7 57. Rg8 Ke7 58. Rg7+ Ke6 59. Rc7 b5 60. Ra7 Nc4 0-1

[Event "*** Titled Tuesday 3|2 Blitz"]
[Site "Chess.com"]
[Date "2016.04.05"]
[Round "1"]
[White "GGuseinov"]
[Black "Alex_Stripunsky"]
[Result "1-0"]
[WhiteElo "2526"]
[BlackElo "2119"]
[TimeControl "180+2"]
[EndTime "11:09:19 PDT"]
[Termination "GGuseinov won by checkmate"]

1. e4 c5 2. Nf3 e6 3. d4 cxd4 4. Nxd4 a6 5. Nc3 Qc7 6. Bd3 Nf6 7.
O-O Nc6 8. Nxc6 dxc6 9. f4 e5 10. Kh1 Bd6 11. f5 b5 12. a4 Rb8 13. axb5 axb5 14. Be3 Be7 15. Qf3 Bb7 16. g4 h6 17.
Kg2 Nh7 18. Ra7 O-O 19. Rfa1 Ra8 20. Qf2 Rxa7 21. Rxa7 Ra8 22. Rxa8+ Bxa8 23. Bc5 Bb7 24. h4 Bc8 25. Kg3 Bf6 26. b4 Qd8 27. Kh3 Bd7 28.
Ne2 Be8 29. Ng1 Be7 30. Nf3 Bf6 31. Qe3 Bd7 32. Qg1 Be8 33. Qg3 Nf8 34. g5 hxg5 35. hxg5 Be7 36. Qxe5 Bxc5 37. bxc5 Nh7 38. Kg4 Bd7 39.
Qd6 Qe8 40. Kf4 Nf8 41. e5 g6 42. Nd4 gxf5 43. Bxf5 Bxf5 44. Nxf5 Ne6+ 45. Kg4 Qa8 46. Nh6+ Kg7 47. Nf5+ Kg8 48. c4 Qa4 49. Qb8+ Kh7 50. g6+ fxg6 51. Qb7+ Kg8 52. Qc8+ Kf7 53. Qd7+ Kf8 54.
Qe7+ Kg8 55. Qxe6+ Kf8 56. Qf6+ Kg8 57. Qg7# 1-0

[Event "*** Titled Tuesday 3|2 Blitz"]
[Site "Chess.com"]
[Date "2016.04.05"]
[Round "1"]
[White "GMHess"]
[Black "Tobi-Wan-Kenobi"]
[Result "1-0"]
[WhiteElo "2605"]
[BlackElo "2300"]
[TimeControl "180+2"]
[EndTime "11:09:22 PDT"]
[Termination "GMHess won by resignation"]

1. b3 e5 2. Bb2 Nc6 3. e3 Nf6 4. Bb5 Bd6 5. Ne2 O-O 6. Ng3 Re8 7. e4 a6 8. Bxc6 dxc6 9. h3 c5 10. d3 Nd7 11. Nd2 Nf8 12. Nc4 Ng6 13. Qd2 Nf4 14. Rh2 f6 15. O-O-O b5 16. Ne3 a5 17. Ngf5 a4 18.
g3 Ne6 19. f4 axb3 20. axb3 Nd4 21. Rf2 Be6 22. fxe5 Bxe5 23. Ng4 Bxf5 24. exf5 Ra2 25. Nxe5 Rxe5 26. Re1 Qd5 27. Kb1 Ra8 28. Rxe5 Qxe5 29. Rf4 b4 30. g4 Qd5 31. Re4 Nb5 32. Qe3 Nd6 33. Re7 Qh1+ 34. Bc1 Qd5 35. Qe6+ Qxe6 36. fxe6 Nb5 37. Bb2 h6 38. h4 Kf8 39. Rf7+ Kg8 40. g5 hxg5 41. hxg5 Ra6 42. gxf6 gxf6 43. Rxf6 Ra8 44.
Rh6 Nc3+ 45. Bxc3 bxc3 46. Rh5 Ra5 47. Rf5 Kg7 48. e7 1-0

[Event "*** Titled Tuesday 3|2 Blitz"]
[Site "Chess.com"]
[Date "2016.04.05"]
[Round "1"]
[White "evgenyermolaev"]
[Black "Maitreia"]
[Result "1-0"]
[WhiteElo "2196"]
[BlackElo "2471"]
[TimeControl "180+2"]
[EndTime "11:09:23 PDT"]
[Termination "evgenyermolaev won by resignation"]

1. e4 c5 2. Nf3 g6 3. d4 cxd4 4. Nxd4 Bg7 5. Nc3 Nc6 6. Be3 Nf6 7. Nxc6 bxc6 8. e5 Nd5 9. Nxd5 cxd5 10. Qxd5 Rb8 11.
Bd4 O-O 12. Qc5 Bb7 13. O-O-O Be4 14. Bd3 Bxg2 15. Rhg1 Bf3 16. Rde1 Rc8 17. Qa3 Re8 18. Ba6 Rc6 19. Bb5 Rb6 20. Bxb6 Qxb6 21. Bxd7 Rb8 22. Qxf3 Qxb2+ 23. Kd1 Rd8 24. Qd3 Bxe5 25. Ke2 Bxh2 26. Rg4 Qb7 27. Rd1 Bd6 28. Ba4 Qc8 29. Rd4 Qe6+ 30.
Qe3 Qf6 31. Bb3 Rc8 32. Qf3 Qg7 33. Rxd6 exd6 34. Rxd6 Re8+ 35. Kf1 Rf8 36. Rf6 a5 37. a4 h6 38. Kg2 h5 39. Kh2 g5 40. Qf5 Kh8 41. Rxf7 Rxf7 42. Bxf7 Qd4 43. Qc8+ Kg7 44. Qg8+ Kf6 45. Qh8+ 1-0

[Event "*** Titled Tuesday 3|2 Blitz"]
[Site "Chess.com"]
[Date "2016.04.05"]
[Round "1"]
[White "Grootneus"]
[Black "ZEN-22"]
[Result "1-0"]
[WhiteElo "2040"]
[BlackElo "2398"]
[TimeControl "180+2"]
[EndTime "11:09:23 PDT"]
[Termination "Grootneus won by resignation"]

1. e4 e6 2. d4 c5 3. c3 d5 4. exd5 exd5 5. Nf3 Nc6 6. Bb5 Nf6 7. O-O Be7 8. Nbd2 O-O 9. dxc5 Bxc5 10. Nb3 Bb6 11.
Bxc6 bxc6 12. h3 Re8 13. a4 Ba6 14. Re1 Ne4 15. Be3 Qd6 16. Nfd4 Rad8 17. a5 Bc7 18. Nf3 c5 19. Nbd2 Bd3 20. Nf1 Bxf1 21. Rxf1 h6 22. Qd3 Ng5 23. Bxg5 hxg5 24. Rfe1 Rxe1+ 25. Rxe1 Bxa5 26. Qf5 f6 27. h4 gxh4 28. Nxh4 Bc7 29. g3 Qd7 30. Qf3 Qf7 31. Nf5 Bd6 32. Qg4 Kf8 33.
Qh4 Bc7 34. Re7 Qxe7 35. Nxe7 Kxe7 36. Qg4 Kf8 37. Qa4 Bb6 38. Kf1 d4 39. cxd4 cxd4 40.
Ke2 d3+ 41. Kd1 Bxf2 42. Qb4+ Ke8 43. g4 d2 44. g5 fxg5 45. Qb5+ Rd7 46. Qe5+ Kd8 47.
Qxg5+ Kc7 48. Qf4+ Kb7 49. Qxf2 a6 50. Qf5 Kc7 51.
Qc5+ Kd8 52. Qb6+ Ke7 53. Qxa6 g5 54. Qe2+ Kf6 55. Qg4 Rd5 56. b4 Ke7 57. Qe4+ Kd6 58.
Qc4 Re5 59. Kxd2 Ke7 60. b5 Re6 61. Qc5+ Rd6+ 62. Ke3 Kd7 63. b6 Rc6 64. Qd5+ Rd6 65. Qf7+ Kc6 66. b7 Rd8 67. Qf6+ Kc7 68. Qxd8+ Kxd8 69. b8=Q+ Ke7 70. Ke4 1-0

[Event "*** Titled Tuesday 3|2 Blitz"]
[Site "Chess.com"]
[Date "2016.04.05"]
[Round "1"]
[White "Anton_Demchenko"]
[Black "underdogchss"]
[Result "1/2-1/2"]
[WhiteElo "2661"]
[BlackElo "2365"]
[TimeControl "180+2"]
[EndTime "11:09:57 PDT"]
[Termination "Game drawn by agreement"]

1. e4 e5 2. Nf3 Nc6 3. Bc4 Bc5 4. d3 Nf6 5. Bg5 h6 6. Bh4 d6 7. c3 Bg4 8. Nbd2 g5 9. Bg3 Nh5 10. h3 Bxf3 11. Qxf3 Nf4 12. Bxf4 gxf4 13. O-O-O Qg5 14. Bb5 a6 15. Bxc6+ bxc6 16. h4 Qe7 17. g3 fxg3 18. fxg3 O-O-O 19. Rdf1 Rhg8 20. Rh2 Rdf8 21. Rg2 Rg6 22.
Qf5+ Kb7 23. Kc2 Rfg8 24. Qxf7 Qxf7 25. Rxf7 Rxg3 26. Rxg3 Rxg3 27. Rf6 Rg2 28. Kd1 Be3 29. Nc4 Bf4 30. b4 Rxa2 31. Rf7 Kc8 32. Ke1 Rh2 33.
Na5 Bd2+ 34. Kf1 Bxc3 35. Nxc6 Rxh4 36. Ne7+ Kd8 37. Nd5 Bd4 38. Rxc7 Rh3 39. Ke2 Rh2+ 40. Ke1 Rh1+ 41. Kd2 Rh2+ 42. Kd1 Rb2 43. Rc6 Kd7 44. Rxa6 h5 45. Ra8 h4 46. Rh8 Bf2 47. Rh7+ Kd8 48.
Kc1 Ra2 49. b5 Ra3 50. Kc2 Ra2+ 51. Kb3 Ra1 52. Kb2 Bd4+ 53. Kc2 Bf2 54. b6 Bxb6 55. Nxb6 Rh1 56. Nc4 h3 57. Nd2 Rh2 58. Kc3 Ke8 59.
Nf3 Rh1 60. Ng5 h2 61. Nf3 Rc1+ 62. Kb4 h1=Q 63. Rxh1 Rxh1 64. Kc4 Rc1+ 65. Kd5 Rc3 1/2-1/2

[Event "*** Titled Tuesday 3|2 Blitz"]
[Site "Chess.com"]
[Date "2016.04.05"]
[Round "1"]
[White "Jungle_Jaguar"]
[Black "yurisolo"]
[Result "0-1"]
[WhiteElo "2219"]
[BlackElo "2540"]
[TimeControl "180+2"]
[EndTime "11:09:59 PDT"]
[Termination "yurisolo won by checkmate"]

1. d4 d5 2. c4 e6 3. Nc3 c6 4. Nf3 Nf6 5. e3 Nbd7 6. Qc2 Bd6 7. Bd3 e5 8. dxe5 Nxe5 9. Nxe5 Bxe5 10. cxd5 Nxd5 11.
Nxd5 Qxd5 12. Be4 Qb5 13. Bd3 Qb4+ 14. Qd2 Qe7 15. Qc2 Qb4+ 16. Qd2 Qd6 17. Qc2 Be6 18. Bd2 Rd8 19. Be4 O-O 20. Bxh7+ Kh8 21. Be4 f5 22.
Bf3 Bc4 23. Bc3 Bd3 24. Bxe5 Qxe5 25. Qc3 Qe6 26. O-O-O Qxa2 27. Rxd3 Qa1+ 28. Kc2 Qxh1 29. Rxd8 Rxd8 30. Qe5 Qe1 31. Qe7 Qxf2+ 32. Kb3 Qd2 33.
Qh4+ Kg8 34. Qc4+ Kf8 35. Qc5+ Qd6 36. Qxf5+ Qf6 37. Qc5+ Qe7 38. Qc2 Qxe3+ 39. Ka2 Qe6+ 40. Ka3 Rd4 41. Qh7 Qe7+ 42. Ka2 Qf7+ 43. Ka3 Qf6 44. Qh8+ Ke7 45. Qc8 Qd6+ 46. Ka2 Qe6+ 47. Qxe6+ Kxe6 48. h3 Kd6 49. Kb3 b5 50. Kc3 Rc4+ 51. Kb3 a5 52. h4 a4+ 53. Ka3 Rxh4 54. g4 Rh3 55. Ka2 Rxf3 56. g5 Kc5 57. g6 Kb4 58. b3 Rf2+ 59. Ka1 Kxb3 60. Kb1 Rf1# 0-1

[Event "*** Titled Tuesday 3|2 Blitz"]
[Site "Chess.com"]
[Date "2016.04.05"]
[Round "1"]
[White "Bentery"]
[Black "zvonokchess1996"]
[Result "0-1"]
[WhiteElo "2311"]
[BlackElo "2608"]
[TimeControl "180+2"]
[EndTime "11:10:18 PDT"]
[Termination "zvonokchess1996 won by resignation"]

1. Nf3 Nf6 2. g3 g6 3. b3 Bg7 4. Bb2 O-O 5. Bg2 c5 6. c4 Nc6 7. O-O d6 8. d4 cxd4 9. Nxd4 Bd7 10. Nc2 Qa5 11. Nc3 Qh5 12. Nd5 Ng4 13. h3 Bxb2 14.
hxg4 Bxg4 15. f3 Be6 16. Rb1 Bg7 17. Kf2 Bxd5 18. cxd5 Ne5 19. Ne3 Nd7 20. f4 g5 21.
Qd3 gxf4 22. Nf5 Nc5 23. Qc2 fxg3+ 24. Ke1 Bf6 25. b4 Nd7 26. Rh1 Qg6 27. Rh6 Rac8 28. Qe4 Ne5 29. Rxg6+ fxg6 30. Nd4 Rc4 31. e3 Rfc8 32.
Bh3 Rc1+ 33. Rxc1 Rxc1+ 34. Kd2 Ra1 35. Nf3 Rxa2+ 36. Kd1 g2 37. Bxg2 Rxg2 38. Nxe5 Rg1+ 39. Ke2 Bxe5 40. Qc4 Rg2+ 41. Kf3 Rb2 42. Qc8+ Kg7 43. Qxb7 Bf6 44. b5 h5 45. e4 h4 46. e5 Rb3+ 47. Kg2 Rb2+ 48. Kh3 Rb3+ 49. Kh2 Bxe5+ 50. Kh1 Bf6 51.
Qxa7 Rxb5 52. Qa8 Rb1+ 53. Kg2 Rb3 54. Qa4 h3+ 55. Kh1 Rc3 56. Qe4 Be5 57. Qe1 h2 58.
Kg2 Rg3+ 0-1

[Event "*** Titled Tuesday 3|2 Blitz"]
[Site "Chess.com"]
[Date "2016.04.05"]
[Round "1"]
[White "Angry_Serb"]
[Black "salomez"]
[Result "1-0"]
[WhiteElo "2506"]
[BlackElo "2154"]
[TimeControl "180+2"]
[EndTime "11:10:24 PDT"]
[Termination "Angry_Serb won by resignation"]

1. d4 Nf6 2. Nc3 d5 3. Bf4 c6 4.
Qd2 g6 5. O-O-O Bg7 6. Bh6 O-O 7. h4 Bxh6 8. Qxh6 Ng4 9. Qf4 Qd6 10. Qf3 Qf6 11.
Qxf6 exf6 12. Nh3 f5 13. e3 Be6 14. Kd2 Nd7 15. f3 Ngf6 16. Bd3 Nh5 17. Ne2 b6 18. Rhg1 c5 19. c3 Rac8 20. Rdf1 Rfe8 21. g4 fxg4 22. fxg4 Nhf6 23. Nf2 Re7 24. Nf4 Rce8 25. g5 Ne4+ 26. Bxe4 dxe4 27. Nxe4 Bxa2 28. Nd6 Ra8 29. c4 cxd4 30. exd4 b5 31. cxb5 Nb6 32. Ra1 Be6 33. Ne4 Nc4+ 34. Kc3 Rc8 35. Nc5 Nd6 36. Ra5 Kf8 37.
Rga1 Nb7 38. Rxa7 Nxc5 39. dxc5 Rxc5+ 40. Kd3 Rxb5 41. Rxe7 Kxe7 42. Ra7+ Bd7 43. b4 Rf5 44.
Ke4 Kd6 45. Nd3 Bc6+ 46. Kd4 Rf1 47. Ra6 Kc7 48. Kc5 Rf5+ 49. Kd4 Rd5+ 50. Kc4 Bb5+ 51. Kxd5 Bxa6 52. Ne5 Bb7+ 53. Kc5 Kd8 54. Nxf7+ Ke7 55.
Nd6 Bh1 56. b5 Kd7 57. b6 Bg2 58. Nf7 Kc8 59. Ne5 Kb7 60. Nd7 Be4 61. Nf6 Bb1 62.
Nxh7 Bf5 63. Nf6 Bb1 64. Ne8 Bf5 65. Nd6+ 1-0

[Event "*** Titled Tuesday 3|2 Blitz"]
[Site "Chess.com"]
[Date "2016.04.05"]
[Round "1"]
[White "oskariot"]
[Black "EltajSafarli"]
[Result "0-1"]
[WhiteElo "2299"]
[BlackElo "2614"]
[TimeControl "180+2"]
[EndTime "11:10:43 PDT"]
[Termination "EltajSafarli won by checkmate"]

1. e4 c5 2. Nf3 e6 3. d4 cxd4 4. Nxd4 Nf6 5. Nc3 Nc6 6. Ndb5 Bc5 7. Bf4 O-O 8. Bc7 Qe7 9. Bd6 Bxd6 10. Qxd6 Qd8 11.
Qc7 Qe7 12. Qd6 Qd8 13. Qc7 a6 14. Qxd8 Rxd8 15. Nd6 Ne8 16. O-O-O Kf8 17. f4 Nxd6 18.
Rxd6 Ke7 19. Rd2 b5 20. Be2 Bb7 21. Bf3 Rac8 22. Rhd1 Na5 23. a3 Nc4 24. Rd3 d6 25.
Kb1 h6 26. h4 Rc5 27. Ka2 g5 28. b3 Nb6 29. e5 d5 30. fxg5 hxg5 31. h5 Nd7 32.
Re1 g4 33. Bd1 Rh8 34. Kb2 Rxh5 35. Bxg4 Rxe5 36. Rh1 Rg5 37. Bf3 Ne5 38. Rd2 Rg3 39.
Rh8 Nxf3 40. gxf3 Rxf3 41. Rb8 Rfxc3 42. Rxb7+ Rc7 43. Rb6 R3c6 44. Rb8 Rc8 45. Rb7+ R8c7 46. Rb8 f5 47. Rh2 Kd6 48. Re8 Re7 49. Rd8+ Kc7 50. Ra8 Kb7 51. Rhh8 e5 52. Rhb8+ Kc7 53. Ra7+ Kxb8 54.
Rxe7 e4 55. Rf7 e3 56. Rxf5 Re6 57. Rf1 d4 58. Kc1 Kc7 59. Rh1 Kd6 60. Kd1 Rg6 61.
Ke2 Rg2+ 62. Kd3 Ke5 63. Rh5+ Kf4 64. Kxd4 Rd2+ 65. Kc3 Rd1 66. Rh2 Kg3 67. Re2 Kf3 68. Rxe3+ Kxe3 69. Kb4 Kd4 70. c4 bxc4 71. bxc4 Rb1+ 72.
Ka5 Kxc4 73. a4 Kc5 74. Kxa6 Rb4 75. a5 Kc6 76. Ka7 Rb5 77. a6 Ra5 78. Kb8 Rxa6 79. Kc8 Ra8# 0-1

[Event "*** Titled Tuesday 3|2 Blitz"]
[Site "Chess.com"]
[Date "2016.04.05"]
[Round "1"]
[White "SmoothAsAHedgehog"]
[Black "Usurpov"]
[Result "0-1"]
[WhiteElo "2496"]
[BlackElo "2205"]
[TimeControl "180+2"]
[EndTime "11:11:01 PDT"]
[Termination "Usurpov won by resignation"]

1. Nf3 Nf6 2. c4 g6 3. g3 Bg7 4.
Bg2 O-O 5. O-O c6 6. b3 d5 7. Bb2 Bg4 8. d3 Bxf3 9. Bxf3 Re8 10. Bg2 a5 11. Nd2 e5 12. a3 Na6 13. Qc2 d4 14. e3 Nc5 15. exd4 exd4 16. Nf3 Ng4 17. b4 axb4 18.
axb4 Rxa1 19. Rxa1 Ne6 20. Re1 Qb6 21. Qd2 Ra8 22. h3 Nf6 23. c5 Qd8 24. h4 Ra2 25.
Ra1 Qa8 26. Rxa2 Qxa2 27. Bc1 Qb1 28. Bh3 Nd5 29. Kh2 Qxb4 30. Qe2 Nf8 31. Qc2 Nc3 32. Bf4 Qxc5 33. Qb3 Qd5 34. Nd2 Qxb3 35. Nxb3 Nd5 36. Bd6 Ne6 37. Na5 Nd8 38. Bg2 Bf8 39. Be5 Bg7 40.
Bd6 Bf8 41. Be5 b6 42. Nc4 Bg7 43. Bd6 b5 44. Na5 Bf8 45. Be5 Bb4 46. Nb3 Ne6 47. Bxd4 Bd6 48. Ba7 Nec7 49. Na5 c5 50. Bb8 Nb4 51.
Nb3 Nxd3 52. Bf1 c4 53. Nd4 Ne8 54. Ba7 b4 55. Nb5 Be5 56. Be3 Nb2 57. Bc1 c3 58.
Be2 Nd6 59. Na7 Ne4 60. Nc6 Bd6 61. f3 Nd2 62. Nd4 Bc5 63. Nc2 Nb3 64. Bf4 Nd4 65. Bd1 Nxc2 66. Bxc2 Nc4 67. Bc1 Be3 68. Bb3 Na5 69. Bxf7+ Kxf7 70. Bxe3 b3 71. Bd4 b2 72. Bxc3 b1=Q 73. Bxa5 Qa2+ 74. Kh3 Qxa5 0-1